EL
FRISCO ROUGHRIDERS @ JACKSON GENERALS
05/24/2048
 
TOP OF THE 1ST
Frisco RoughRiders batting - Pitching for Jackson Generals : LHP Andy Mathis
Pitching: LHP Andy Mathis
Batting: RHB Sean Neuroth 0-0: Ground out 5-3 (Groundball, 56S, EV 79.4 MPH)
Batting: RHB Doug Hammertime 0-0: Called Strike
0-1: Ball
1-1: Ball
2-1: Ball
3-1: Called Strike
3-2: TRIPLE (Flyball, 89XD, EV 99.4 MPH)
Batting: RHB Chance Lamb 0-0: Fly out, F8 (Line Drive, 8LD, EV 101.9 MPH)
Runner from 3rd tags up, SCORES, throw by CF
Batting: RHB Dale Aubrey 0-0: Ball
1-0: DOUBLE (Line Drive, 78D, EV 108.1 MPH)
Batting: RHB Josh Ferguson 0-0: Swinging Strike
0-1: Swinging Strike
0-2: Ball
1-2: Ground out 6-3 (Groundball, 6, EV 80.6 MPH)
Top of the 1st over - 1 run, 2 hits, 0 errors, 1 left on base; Frisco 1 - Jackson 0
BOTTOM OF THE 1ST
Jackson Generals batting - Pitching for Frisco RoughRiders : RHP Hector Bojorquez
Pitching: RHP Hector Bojorquez
Batting: RHB Tomokazu Sugimoto 0-0: Ground out 6-3 (Groundball, 6MS, EV 82.5 MPH)
Batting: RHB Ryan Criollo 0-0: Ball
1-0: Ground out 6-3 (Groundball, 6, EV 93.1 MPH)
Batting: RHB Julian Gregory 0-0: Called Strike
0-1: Ground out 6-3 (Groundball, 6, EV 90.6 MPH)
Bottom of the 1st over - 0 runs, 0 hits, 0 errors, 0 left on base; Frisco 1 - Jackson 0
TOP OF THE 2ND
Frisco RoughRiders batting - Pitching for Jackson Generals : LHP Andy Mathis
Batting: RHB Danny Murillo 0-0: Ground out 4-3 (Groundball, 4S, EV 89.4 MPH)
Batting: RHB Jose Pineda 0-0: Ball
1-0: Ball
2-0: SINGLE (Groundball, 4MD, EV 103.1 MPH)
Batting: RHB Matt Sanders 0-0: Ball
1-0: Swinging Strike
1-1: Ball
2-1: DOUBLE (Flyball, 78D, EV 105.0 MPH)
Jose Pineda to third
Batting: SHB Brace Harper 0-0: Called Strike
0-1: Called Strike
0-2: Ground out 6-3 (Groundball, 6, EV 103.8 MPH)
Jose Pineda scores
Batting: RHB Sean Neuroth 0-0: TRIPLE (Flyball, 9LD, EV 105.6 MPH)
Matt Sanders scores
Batting: RHB Doug Hammertime 0-0: Ball
1-0: Ball
2-0: Ground out 4-3 (Groundball, 4, EV 85.6 MPH)
Top of the 2nd over - 2 runs, 3 hits, 0 errors, 1 left on base; Frisco 3 - Jackson 0
BOTTOM OF THE 2ND
Jackson Generals batting - Pitching for Frisco RoughRiders : RHP Hector Bojorquez
Batting: RHB Adan Lake 0-0: Called Strike
0-1: Fly out, F7 (Flyball, 78D, EV 93.8 MPH)
Batting: RHB Hideo Okimura 0-0: Ball
1-0: Swinging Strike
1-1: Ball
2-1: SOLO HOME RUN (Flyball, 7D, EV 100.0 MPH), Distance : 380 ft
Batting: SHB Brendan Bundy 0-0: Called Strike
0-1: Foul Ball, location: 2F
0-2: Ball
1-2: Foul Ball, location: 2F
1-2: Ball
2-2: Foul Ball, location: 2F
2-2: Foul Ball, location: 2F
2-2: Foul Ball, location: 2F
2-2: Strikes out swinging
Batting: LHB Brent Dutcher 0-0: Ball
1-0: Ball
2-0: Ball
3-0: Called Strike
3-1: Base on Balls
Batting: RHB Victor Rosas 0-0: Ball
1-0: Called Strike
1-1: Ball
2-1: Foul Ball, location: 2F
2-2: Ball
Brent Dutcher is caught stealing 2nd base 2-4
Bottom of the 2nd over - 1 run, 1 hit, 0 errors, 0 left on base; Frisco 3 - Jackson 1
TOP OF THE 3RD
Frisco RoughRiders batting - Pitching for Jackson Generals : LHP Andy Mathis
Batting: RHB Chance Lamb 0-0: Called Strike
0-1: Ball
1-1: Ball
2-1: Called Strike
2-2: Ball
3-2: Base on Balls
Batting: RHB Dale Aubrey 0-0: Ball
1-0: Ball
2-0: Fielders Choice at 2nd, 6-4 (Groundball, 6, EV 83.8 MPH)
Batting: RHB Josh Ferguson 0-0: Called Strike
Dale Aubrey steals 2nd base
0-1: Ball
1-1: Ball
2-1: Foul Ball, location: 2F
2-2: Ball
3-2: Base on Balls
Batting: RHB Danny Murillo 0-0: Called Strike
0-1: Ball
1-1: Foul Ball, location: 2F
1-2: DOUBLE (Line Drive, 78D, EV 101.9 MPH)
Dale Aubrey scores
Josh Ferguson to third
Runner from 3rd tries for Home, SAFE, throw by CF to trailing runner, OUT at third! 8-3-5
Batting: RHB Jose Pineda 0-0: Foul Ball, location: 2F
0-1: SINGLE (Line Drive, 6D, EV 98.8 MPH)
Batting: RHB Matt Sanders 0-0: Ball
1-0: Ball
2-0: Ball
3-0: Base on Balls
Jose Pineda to second
Pitching: RHP Adam Fair
Batting: SHB Brace Harper 0-0: Called Strike
0-1: Ball
1-1: Fielders Choice at 2nd, U4 (Groundball, 4M, EV 76.2 MPH)
Top of the 3rd over - 2 runs, 2 hits, 0 errors, 2 left on base; Frisco 5 - Jackson 1
BOTTOM OF THE 3RD
Jackson Generals batting - Pitching for Frisco RoughRiders : RHP Hector Bojorquez
Batting: RHB Victor Rosas 0-0: Called Strike
0-1: Ball
1-1: Called Strike
1-2: Foul Ball, location: 2F
1-2: Strikes out swinging
Batting: RHB Egidius Kruger 0-0: Swinging Strike
0-1: Ball
1-1: Ground out 6-3 (Groundball, 6, EV 88.8 MPH)
Batting: RHB Tomokazu Sugimoto 0-0: Called Strike
0-1: Ball
1-1: Swinging Strike
1-2: Ground out 6-3 (Groundball, 6, EV 98.1 MPH)
Bottom of the 3rd over - 0 runs, 0 hits, 0 errors, 0 left on base; Frisco 5 - Jackson 1
TOP OF THE 4TH
Frisco RoughRiders batting - Pitching for Jackson Generals : RHP Adam Fair
Batting: RHB Sean Neuroth 0-0: Ground out 5-3 (Groundball, 56S, EV 77.5 MPH)
Batting: RHB Doug Hammertime 0-0: Called Strike
0-1: Ball
1-1: Ball
2-1: Foul Ball, location: 2F
2-2: Foul Ball, location: 2F
2-2: Ball
3-2: Base on Balls
Batting: RHB Chance Lamb 0-0: Foul Ball, location: 2F
0-1: Ball
Doug Hammertime steals 2nd base
1-1: Foul Ball, location: 2F
1-2: Hit by Pitch
Batting: RHB Dale Aubrey 0-0: Ball
1-0: DOUBLE (Line Drive, 8LXD, EV 105.6 MPH)
Doug Hammertime scores
Chance Lamb to third
Runner from 3rd tries for Home, SAFE, throw by CF to trailing runner, SAFE at third!
Batting: RHB Josh Ferguson 0-0: Ball
1-0: SINGLE (Line Drive, 3D, EV 96.2 MPH)
Dale Aubrey scores
Batting: RHB Danny Murillo 0-0: Foul Ball, location: 2F
0-1: Foul Ball, location: 2F
0-2: Ball
1-2: Ball
2-2: Ball
3-2: Foul Ball, location: 2F
3-2: Foul Ball, location: 2F
3-2: Foul Ball, location: 2F
3-2: Strikes out swinging
Josh Ferguson steals 2nd base
Batter strikes out.
Batting: RHB Jose Pineda 0-0: Ball
1-0: Foul Ball, location: 2F
1-1: Ball
2-1: Foul Ball, location: 2F
2-2: Foul Ball, location: 2F
2-2: Ball
3-2: Ground out 4-3 (Groundball, 4M, EV 110.0 MPH)
Top of the 4th over - 3 runs, 2 hits, 0 errors, 1 left on base; Frisco 8 - Jackson 1
BOTTOM OF THE 4TH
Jackson Generals batting - Pitching for Frisco RoughRiders : RHP Hector Bojorquez
Batting: RHB Ryan Criollo 0-0: Ball
1-0: Ball
2-0: Called Strike
2-1: Foul Ball, location: 2F
2-2: Ball
3-2: Fly out, F3 (Line Drive, 3, EV 69.4 MPH)
Batting: RHB Julian Gregory 0-0: Swinging Strike
0-1: Ground out 6-3 (Groundball, 6, EV 88.1 MPH)
Batting: RHB Adan Lake 0-0: Ball
1-0: Ground out 5-3 (Groundball, 5, EV 101.2 MPH)
Bottom of the 4th over - 0 runs, 0 hits, 0 errors, 0 left on base; Frisco 8 - Jackson 1
TOP OF THE 5TH
Frisco RoughRiders batting - Pitching for Jackson Generals : RHP Adam Fair
Batting: RHB Matt Sanders 0-0: Called Strike
0-1: Foul Ball, location: 2F
0-2: Ball
1-2: Foul Ball, location: 2F
1-2: Ball
2-2: DOUBLE (Line Drive, 7LD, EV 105.6 MPH)
Batting: SHB Brace Harper 0-0: Called Strike
0-1: Foul Ball, location: 2F
0-2: Ball
1-2: Strikes out swinging, 2-3 out at first.
Batting: RHB Sean Neuroth 0-0: Called Strike
0-1: Ground out U3 (Groundball, 34, EV 103.1 MPH)
Matt Sanders to third
Batting: RHB Doug Hammertime 0-0: Ball
1-0: Ball
2-0: Called Strike
2-1: Ball
3-1: Fly out, F9 (Flyball, 9LM, EV 81.2 MPH)
Top of the 5th over - 0 runs, 1 hit, 0 errors, 1 left on base; Frisco 8 - Jackson 1
BOTTOM OF THE 5TH
Jackson Generals batting - Pitching for Frisco RoughRiders : RHP Hector Bojorquez
Batting: RHB Hideo Okimura 0-0: Ball
1-0: Ground out 4-3 (Groundball, 4, EV 105.6 MPH)
Batting: SHB Brendan Bundy 0-0: Ground out 4-3 (Groundball, 4, EV 109.4 MPH)
Batting: LHB Brent Dutcher 0-0: Ball
1-0: Fly out, F7 (Flyball, 7, EV 88.8 MPH)
Bottom of the 5th over - 0 runs, 0 hits, 0 errors, 0 left on base; Frisco 8 - Jackson 1
TOP OF THE 6TH
Frisco RoughRiders batting - Pitching for Jackson Generals : RHP Adam Fair
Batting: RHB Chance Lamb 0-0: Ball
1-0: Ball
2-0: SINGLE (Line Drive, 34D, EV 95.0 MPH)
Pitching: RHP Raul Lopez
Batting: RHB Dale Aubrey 0-0: Called Strike
0-1: Ball
1-1: Fielders Choice at 2nd, 3-6 (Groundball, 3, EV 104.4 MPH)
Batting: RHB Josh Ferguson 0-0: Foul Ball, location: 2F
0-1: Swinging Strike
0-2: Fly out, F8 (Line Drive, 8LS, EV 96.2 MPH)
Batting: RHB Danny Murillo 0-0: Ball
1-0: Ball
2-0: SINGLE (Groundball, 56D, EV 106.2 MPH)
Dale Aubrey to second
Batting: RHB Jose Pineda 0-0: Ball
1-0: Called Strike
1-1: Ball
2-1: Ball
3-1: Foul Ball, location: 2F
3-2: Base on Balls
Dale Aubrey to third
Danny Murillo to second
Batting: RHB Matt Sanders 0-0: Fly out, F8 (Line Drive, 8LM, EV 90.0 MPH)
Top of the 6th over - 0 runs, 2 hits, 0 errors, 3 left on base; Frisco 8 - Jackson 1
BOTTOM OF THE 6TH
Jackson Generals batting - Pitching for Frisco RoughRiders : RHP Hector Bojorquez
Batting: RHB Victor Rosas 0-0: Called Strike
0-1: Foul Ball, location: 2F
0-2: SINGLE (Groundball, 6MD, EV 95.6 MPH)
Batting: RHB Egidius Kruger 0-0: Called Strike
0-1: Fielders Choice at 2nd, 6-4 (Groundball, 6, EV 78.8 MPH)
Batting: RHB Tomokazu Sugimoto 0-0: Ball
1-0: Ball
2-0: Ball
3-0: Foul Ball, location: 2F
3-1: Foul Ball, location: 2F
3-2: Foul Ball, location: 2F
3-2: Strikes out swinging
Egidius Kruger is caught stealing 2nd base 2-4
Batter strikes out.
Bottom of the 6th over - 0 runs, 1 hit, 0 errors, 0 left on base; Frisco 8 - Jackson 1
TOP OF THE 7TH
Frisco RoughRiders batting - Pitching for Jackson Generals : RHP Raul Lopez
Batting: SHB Brace Harper 0-0: Ball
1-0: Ball
2-0: Ball
3-0: Ground out 2-3 (Groundball, 15S, EV 72.5 MPH)
Batting: RHB Sean Neuroth 0-0: Ball
1-0: Fly out, F8 (Flyball, 89M, EV 91.2 MPH)
Batting: RHB Doug Hammertime 0-0: Called Strike
0-1: Ball
1-1: Ball
2-1: Foul Ball, location: 2F
2-2: Ball
3-2: Base on Balls
Pitching: LHP Chan-u Lee
Batting: RHB Chance Lamb 0-0: Ball
1-0: Ground out 4-3 (Groundball, 4, EV 108.8 MPH)
Top of the 7th over - 0 runs, 0 hits, 0 errors, 1 left on base; Frisco 8 - Jackson 1
BOTTOM OF THE 7TH
Jackson Generals batting - Pitching for Frisco RoughRiders : RHP Hector Bojorquez
Batting: RHB Ryan Criollo 0-0: Called Strike
0-1: SINGLE (Groundball, 6MS, EV 71.9 MPH) (infield hit)
Batting: RHB Julian Gregory 0-0: SINGLE (Line Drive, 9S, EV 88.1 MPH)
Ryan Criollo to second
Runner from 2nd tries for 3rd, SAFE, throw by RF made to third
Batting: RHB Adan Lake 0-0: Swinging Strike
0-1: Foul Ball, location: 2F
0-2: Ball
1-2: Grounds into double play, 6-4-3 (Groundball, 6, EV 86.9 MPH)
Ryan Criollo scores
Batting: RHB Hideo Okimura 0-0: SINGLE (Line Drive, 34D, EV 98.1 MPH)
Batting: SHB Brendan Bundy 0-0: Called Strike
0-1: Fly out, F7 (Flyball, 7LS, EV 93.1 MPH)
Bottom of the 7th over - 1 run, 3 hits, 0 errors, 1 left on base; Frisco 8 - Jackson 2
TOP OF THE 8TH
Frisco RoughRiders batting - Pitching for Jackson Generals : LHP Chan-u Lee
Batting: RHB Dale Aubrey 0-0: Swinging Strike
0-1: Swinging Strike
0-2: Ball
1-2: Foul Ball, location: 2F
1-2: Ball
2-2: Ball
3-2: Base on Balls
Batting: RHB Josh Ferguson 0-0: Ball
1-0: Called Strike
1-1: Ball
2-1: Foul Ball, location: 2F
2-2: Ball
3-2: Foul Ball, location: 2F
3-2: Base on Balls
Dale Aubrey to second
Batting: RHB Danny Murillo 0-0: Foul Ball, location: 2F
0-1: 3-RUN HOME RUN (Flyball, 7D, EV 93.8 MPH), Distance : 382 ft
Batting: RHB Jose Pineda 0-0: SINGLE (Groundball, P, EV 82.5 MPH) (infield hit)
Batting: RHB Matt Sanders 0-0: Ball
1-0: Ball
2-0: Foul Ball, location: 2F
2-1: Foul Ball, location: 2F
2-2: Strikes out looking
Batting: SHB Brace Harper 0-0: Ball
1-0: Called Strike
1-1: Grounds into double play, 6-4-3 (Groundball, 6, EV 85.0 MPH)
Top of the 8th over - 3 runs, 2 hits, 0 errors, 0 left on base; Frisco 11 - Jackson 2
BOTTOM OF THE 8TH
Jackson Generals batting - Pitching for Frisco RoughRiders : RHP Hector Bojorquez
Batting: LHB Brent Dutcher 0-0: Ball
1-0: Foul Ball, location: 2F
1-1: Foul Ball, location: 2F
1-2: Ball
2-2: Ball
3-2: Strikes out looking
Batting: RHB Victor Rosas 0-0: Called Strike
0-1: SINGLE (Groundball, 5S, EV 65.6 MPH) (infield hit)
Batting: RHB Egidius Kruger 0-0: Swinging Strike
0-1: Fielders Choice at 2nd, 5-4 (Groundball, 56, EV 77.5 MPH)
Batting: RHB Tomokazu Sugimoto 0-0: Called Strike
0-1: Ball
1-1: Ball
2-1: Fielders Choice at 2nd, 5-4 (Groundball, 56, EV 86.9 MPH)
Bottom of the 8th over - 0 runs, 1 hit, 0 errors, 1 left on base; Frisco 11 - Jackson 2
TOP OF THE 9TH
Frisco RoughRiders batting - Pitching for Jackson Generals : LHP Chan-u Lee
Batting: RHB Sean Neuroth 0-0: Swinging Strike
0-1: Ball
1-1: Fly out, F9 (Flyball, 9S, EV 83.8 MPH)
Batting: RHB Doug Hammertime 0-0: Swinging Strike
0-1: Ball
1-1: Ball
2-1: Foul Ball, location: 2F
2-2: DOUBLE (Line Drive, 78XD, EV 106.2 MPH)
Batting: RHB Chance Lamb 0-0: Ball
1-0: Swinging Strike
1-1: Ball
2-1: Swinging Strike
2-2: Strikes out swinging
Batting: RHB Dale Aubrey 0-0: Ball
1-0: Ball
2-0: Ground out 6-3 (Groundball, 6, EV 106.2 MPH)
Top of the 9th over - 0 runs, 1 hit, 0 errors, 1 left on base; Frisco 11 - Jackson 2
BOTTOM OF THE 9TH
Jackson Generals batting - Pitching for Frisco RoughRiders : RHP Hector Bojorquez
Batting: RHB Ryan Criollo 0-0: Fly out, F9 (Flyball, 89M, EV 85.0 MPH)
Batting: RHB Julian Gregory 0-0: Ball
1-0: Foul Ball, location: 2F
1-1: Called Strike
1-2: Ball
2-2: SINGLE (Groundball, 6MD, EV 103.8 MPH)
Batting: RHB Adan Lake 0-0: Called Strike
0-1: Called Strike
0-2: Ball
1-2: Foul Ball, location: 2F
1-2: Strikes out swinging
Pitching: RHP Taylor Drews
Batting: RHB Hideo Okimura 0-0: Called Strike
0-1: Fly out, F8 (Flyball, 8LM, EV 81.9 MPH)
Bottom of the 9th over - 0 runs, 1 hit, 0 errors, 1 left on base; Frisco 11 - Jackson 2
Tuesday, March 28th , 2023 - OOTP Baseball 23.10 Build 110